 Dungeon Crawl Stone Soup version 0.27.1-34-g3ba077fa99 (webtiles) character file.

Game seed: 11571975888430540565

381 growler the Gusty (level 6, -7/32 HPs)
             Began as a Tengu Air Elementalist on Jan 4, 2022.
             Shot with an arrow by a centaur (12 damage)
             ... on level 5 of the Dungeon.
             The game lasted 00:12:42 (5843 turns).

growler the Gusty (Tengu Air Elementalist)          Turns: 5843, Time: 00:12:43

Health: -7/32      AC:  3    Str:  9    XL:     6   Next: 75%
Magic:  3/13       EV: 14    Int: 17    God:
Gold:   142        SH:  5    Dex: 14    Spells: 3/13 levels left

rFire    . . .     SeeInvis .   (no weapon)
rCold    . . .     Faith    .   (no shield)
rNeg     . . .     Spirit   .   a - +0 robe
rPois    .         Reflect  +   (helmet restricted)
rElec    .         Harm     .   (no cloak)
rCorr    .         Rampage  .   o - +0 pair of gloves
Will     .....                  (boots unavailable)
Stlth    ++........             i - amulet of reflection
HPRegen  0.10/turn              (no ring)
MPRegen  0.13/turn              (no ring)

@: sluggish, flying quickly and evasively, invisible, very slow
A: beak, talons 3, nimble flight
a: no special abilities


You were on level 5 of the Dungeon.
You visited 1 branch of the dungeon, and saw 5 of its levels.

You collected 142 gold pieces.

Inventory:

Missiles
 j - a throwing net {!f}
Armour
 a - a +0 robe (worn)
 o - a +0 pair of gloves (worn)
   (You found it on level 2 of the Dungeon)
Jewellery
 e - an amulet of regeneration
   (You found it on level 5 of the Dungeon)
 i - an amulet of reflection (around neck)
   (You found it on level 1 of the Dungeon)
Scrolls
 b - 3 scrolls of noise {!r}
 c - a scroll of fog {unknown}
 d - 2 scrolls of torment {unknown}
 g - a scroll of silence {unknown}
 k - a scroll of amnesia {unknown}
 l - 4 scrolls of teleportation {unknown}
 p - a scroll of enchant armour {unknown}
 r - a scroll of enchant weapon {unknown}
Potions
 f - a potion of magic
 h - a potion of invisibility
 n - 2 potions of attraction {unknown}
 q - a potion of heal wounds {@q2}


   Skills:
 - Level 2.1 Dodging
 - Level 2.0 Stealth
 + Level 4.0 Spellcasting
 + Level 5.1 Conjurations
 + Level 6.5 Air Magic


You had 3 spell levels left.
You knew the following spells:

 Your Spells              Type           Power      Damage    Failure   Level
a - Shock                 Conj/Air       92%        1d8       1%          1
b - Airstrike             Air            12%        N/A       11%         4
d - Static Discharge      Conj/Air       23%        N/A       2%          2
s - Swiftness             Air            25%        N/A       3%          3

Your spell library contained the following spells:

 Spells                   Type           Power      Damage    Failure   Level
 Animate Skeleton         Necr           6%         N/A       16%         1
 Apportation              Tloc           6%         N/A       16%         1
 Corona                   Hex            3%         N/A       16%         1
 Summon Small Mammal      Summ           12%        N/A       16%         1
 Call Canine Familiar     Summ           3%         N/A       43%         3
 Ozocubu's Armour         Ice            3%         N/A       43%         3
 Summon Guardian Golem    Hex/Summ       3%         N/A       43%         3
 Metabolic Englaciation   Hex/Ice        1%         N/A       99%         5
 Simulacrum               Ice/Necr       1%         N/A       100%        6


Dungeon Overview and Level Annotations

Branches:
Dungeon (5/15)
 Temple: D:4-7

Altars:
Dithmenos
Kikubaaqudgha
Xom

Shops:
D:2 (

Annotations:
D:4 1 runed translucent door, Flarelocke's ghost, amateur HOFE
D:5 Dowan; Duvessa


Innate Abilities, Weirdness & Mutations

You have a beak for a mouth.
You have claws for feet.
Your magical nature lets you fly swiftly and evasively.


Message History

You claw the howler monkey skeleton.
You destroy the howler monkey skeleton!
Your Spellcasting skill increases to level 4!
You start to feel a little slower.
Your magical contamination has completely faded away.
You feel sluggish.
You start to feel a little faster.
You no longer feel sluggish.
Found 9 gold pieces.
Found a battleaxe.
Dowan, Brother of Duvessa comes into view.
He is wielding a +0 dagger and carrying a wand of polymorph (10).
Dowan shouts!
You hear a bark!
The spell is quite dangerous to cast (11% risk of failure)!
Continue anyway?
Uppercase [Y]es or [N]o only, please.
The spell is quite dangerous to cast (11% risk of failure)!
Continue anyway?
Aim: Dowan, wielding a +0 dagger, wearing a +0 robe and carrying a wand of polymorph (10)
The air twists around and strikes Dowan!
Dowan drinks a potion.
Dowan suddenly seems more resistant.
Duvessa, Sister of Dowan comes into view.
She is wielding a +0 short sword and wearing a +1 ring mail of poison resistance.
The spell is quite dangerous to cast (11% risk of failure)!
Continue anyway?
Aim: Dowan, wielding a +0 dagger, wearing a +0 robe and carrying a wand of polymorph (10) (heavily wounded, unusually resistant)
The air twists around and strikes Dowan!
Duvessa shouts!
Dowan says, "Magic and the sword, together, will defeat you."
Dowan points at Duvessa and mumbles some strange words.
Duvessa seems to speed up.
Aim: Dowan, wielding a +0 dagger, wearing a +0 robe and carrying a wand of polymorph (10) (almost dead, unusually resistant, 64% to hit)
You miscast Shock.
You are very lightly contaminated with residual magic.
Nothing appears to happen.
You feel quick.
Dowan mumbles some strange words.
Dowan blinks!
Your magical contamination has completely faded away.
You start to feel a little slower.
You feel sluggish.
Duvessa says, "When magic and the sword combine, nothing stands against them."
As you read the scroll labelled NAUR ETASESCH, it crumbles to dust.
You hear a loud clanging noise!
It was a scroll of noise.
You hear a shout!
You hear an angry growl. x2; You hear a bark!
You hear a shout!
A centaur comes into view.
Duvessa hits you with a +0 short sword.
The centaur wields a +0 shortbow.
The centaur shoots an arrow.
The arrow hits you!
You fade into invisibility!
Duvessa hits you with a +0 short sword!
* * * LOW HITPOINT WARNING * * *
The centaur shoots an arrow.
The arrow hits you!
You die...

#......##...............##
#........#).....#........#
.........†....###......###
...........###..####......#
............##...........##
............###..........##
..........................###
......##....................###
......#.......@e........#.#....
............#..........#####...
......#<##..#..........# ###...
.....####...#...........##.....
..... #..#.......##.........
### #...........#..#......
.......#......##.....
c.......... .)...... .##....#


You could see Duvessa (fast) and a centaur.

Vanquished Creatures
  An ogre (D:4)
  A howler monkey (D:3)
  A centaur skeleton (D:5)
  A bullfrog skeleton (D:3)
  A hound (D:5)
  6 adders
  A howler monkey skeleton (D:5)
  An ufetubus (D:4)
  2 adder skeletons
  4 worms
  4 dart slugs
  7 orcs
  5 ball pythons
  A bat (D:1)
  4 endoplasms (D:4)
  3 giant cockroaches
  9 hobgoblins
  2 jackals (D:2)
  6 quokkas
  2 frilled lizards (D:2)
  6 goblins
  3 kobolds
  3 rats
74 creatures vanquished.

Vanquished Creatures (others)
  A fungus (D:1)
  3 plants (D:1)
4 creatures vanquished.

Grand Total: 78 creatures vanquished

Notes
Turn   | Place    | Note
-------+----------+-------------------------------------------
     0 | D:1      | growler the Tengu Air Elementalist began the quest for the
                  | Orb.
     0 | D:1      | Reached XP level 1. HP: 10/10 MP: 4/4
   170 | D:1      | Found a faded altar of an unknown god.
  1192 | D:2      | Found Rioho's Weapon Boutique.
  1283 | D:2      | Reached XP level 2. HP: 15/15 MP: 4/6
  1294 | D:2      | Learned a level 2 spell: Static Discharge
  1587 | D:2      | Reached XP level 3. HP: 6/19 MP: 3/7
  1873 | D:1      | Learned a level 3 spell: Swiftness
  2738 | D:3      | Reached XP level 4. HP: 18/24 MP: 2/9
  2867 | D:3      | Reached skill level 5 in Air Magic
  3455 | D:3      | Gained mutation: Your magical nature lets you fly swiftly
                  | and evasively. [Tengu growth]
  3455 | D:3      | Reached XP level 5. HP: 28/28 MP: 7/10
  3901 | D:3      | Found a shimmering altar of Xom.
  4249 | D:4      | Found a shadowy altar of Dithmenos.
  4694 | D:4      | Noticed Flarelocke's ghost (amateur HOFE)
  4868 | D:4      | Found a runed translucent door.
  4892 | D:4      | Found an ancient bone altar of Kikubaaqudgha.
  5092 | D:4      | Noticed an ogre
  5096 | D:4      | Killed an ogre
  5097 | D:4      | Reached skill level 6 in Air Magic
  5097 | D:4      | Reached XP level 6. HP: 29/32 MP: 5/12
  5542 | D:4      | Learned a level 4 spell: Airstrike
  5569 | D:5      | Entered Level 5 of the Dungeon
  5652 | D:5      | Reached skill level 5 in Conjurations
  5820 | D:5      | Noticed Dowan
  5821 | D:5      | Noticed Duvessa
  5843 | D:5      | Shot with an arrow by a centaur

Illustrated notes

Levels and vault maps discovered:
D:1:      elethiomel_arrival_maze, layout_loops_corners,
          shapermc_ecumenical_altar_gd
D:2:      layout_basic, serial_shops, nicolae_shop_statue_plus,
          minmay_pentomino_p4
D:3:      layout_loops_corners, tgw_xom
D:4:      minmay_diamond_boxcup, layout_gridville, kiku_gazebo_garden_becter,
          grunt_dithmenos_smoke, hellmonk_ghost_happy_afterlife, minmay_cupped
D:5:      layout_cave_pools, lemuel_blue_sif_altar, uniq_duvessa

Skill      XL: |  1  2  3  4  5  6 |
---------------+-------------------+-----
Conjurations   | 2 3 4 5 |  5.1
Spellcasting   | 3 4 |  4.0
Air Magic      | 5 6 |  6.5
Dodging        | |  2.1
Stealth        | |  2.0

Action                   |  1- 3 |  4- 6 || total
-------------------------+-------+-------++-------
Melee: Unarmed           |       |    15 ||    15
       Kick              |       |     7 ||     7
       Peck              |       |     2 ||     2
 Cast: Shock             |    56 |   102 ||   158
       Static Discharge  |     2 |    17 ||    19
       Swiftness         |       |     2 ||     2
       Airstrike         |       |     2 ||     2
  Use: Scroll            |       |     5 ||     5
       Potion            |       |     1 ||     1
 Stab: Sleeping          |       |     1 ||     1
Armor: Robe              |     1 |     2 ||     3
Dodge: Dodged            |     3 |    16 ||    19
Block: Other             |     1 |     3 ||     4
